 Dungeon Crawl Stone Soup version 0.20.1-1-g8b1a95d (webtiles) character file.

64 doot the Magician (level 3, -1/19 HPs)
             Began as a Deep Elf Wizard on Nov 8, 2017.
             Slain by a bullfrog (4 damage)
             ... on level 3 of the Dungeon.
             The game lasted 00:11:03 (2260 turns).

doot the Magician (Deep Elf Wizard)                 Turns: 2260, Time: 00:11:04

Health: -1/19      AC:  2    Str:  4    XL:     3   Next: 91%
Magic:  8/12       EV: 13    Int: 23    God:
Gold:   101        SH:  0    Dex: 13    Spells: 3/14 levels left

rFire    . . .     SeeInvis .   e - +0 dagger
rCold    . . .     Gourm    .   (no shield)
rNeg     . . .     Faith    .   a - +0 robe
rPois    .         Spirit   .   b - +0 hat
rElec    .         Reflect  .   (no cloak)
rCorr    .         Harm     .   (no gloves)
MR       .....                  (no boots)
Stlth    ++........             (no amulet)
Regen    0.1/turn               (no ring)
MPRegen  0.2/turn               (no ring)

@: no status effects
A: no striking features
a: no special abilities


You were on level 3 of the Dungeon.
You were not hungry.

You visited 1 branch of the dungeon, and saw 3 of its levels.

You collected 101 gold pieces.

Inventory:

Hand Weapons
 e - a +0 dagger (weapon)
Armour
 a - a +0 robe (worn)
 b - a +0 hat (worn)
Scrolls
 h - 3 scrolls of identify {unknown}
 j - a scroll of remove curse {unknown}
 k - 7 scrolls of amnesia {unknown}
 n - a scroll of magic mapping {unknown}
Potions
 f - a potion of haste {unknown}
 l - a potion of curing {unknown}
Books
 c - a book of Minor Magic

   Spells                             Type                      Level
   a - Magic Dart                     Conjuration                  1
   b - Blink                          Translocation                2
   c - Call Imp                       Summoning                    2
   d - Slow                           Hexes                        2
   e - Conjure Flame                  Conjuration/Fire             3
   f - Mephitic Cloud                 Conjuration/Poison/Air       3
Comestibles
 d - 3 bread rations
 g - 4 fruits
 i - 2 meat rations


   Skills:
 + Level 0.1 Fighting
 + Level 0.2 Short Blades
 + Level 2.5 Dodging
 + Level 2.8 Stealth
 + Level 6.0 Spellcasting
 + Level 1.7 Conjurations
 + Level 1.3 Summonings
 + Level 1.1 Translocations


You had 3 spell levels left.
You knew the following spells:

 Your Spells              Type           Power        Failure   Level  Hunger
a - Magic Dart            Conj           ##..         4%          1    None
b - Blink                 Tloc           N/A          9%          2    None
c - Call Imp              Summ           ##......     8%          2    None
d - Mephitic Cloud        Conj/Pois/Air  #.......     21%         3    #......
e - Conjure Flame         Conj/Fire      ##......     19%         3    #......


Dungeon Overview and Level Annotations

Branches:
Dungeon (3/15)

Altars:
Okawaru


Message History

Casting: Call Imp
Confirm with . or Enter, or press ? or * to list all spells.
You blink.
Your crimson imp blinks!
Your crimson imp blinks!
The bullfrog hits you.
* * * LOW HITPOINT WARNING * * *
The frilled lizard bites you.
* * * LOW HITPOINT WARNING * * *
Your crimson imp blinks!
The frilled lizard barely misses you. The bullfrog closely misses you.
Found an escape hatch in the floor.
A quokka comes into view.
Your crimson imp blinks!
The bullfrog barely misses you.
Found a ring mail.
The bullfrog hits you but does no damage.
The bullfrog hits you.
You die...

#.. ######.# #.. .#
#......# #.. .. ...
####......# #.# .#
.... #..../....#
#.##.##... .........#
#.#...... ........#
#.#..#.### ##.!..[.#
#@#......# #.....)<#
#.F......#. #.......#
###........ #.......#
#l....>.#
#.......#####.....r.#
#............####...#
#.....5......# [.#
#..!.........# ##
#..........5.#


You could see a bullfrog, a quokka (wandering) and a frilled lizard.

Vanquished Creatures
  A gnoll (D:3)
  A dart slug (D:2)
  2 leopard geckos
  3 bats
  A bat zombie (D:1)
  2 giant cockroaches (D:1)
  7 goblins
  5 hobgoblins
  6 kobolds
  3 frilled lizards
  A giant cockroach zombie (D:1)
  2 rats (D:2)
34 creatures vanquished.

Vanquished Creatures (collateral kills)
  2 gnolls (D:2)
  A giant cockroach (D:2)
  A goblin (D:2)
  3 hobgoblins
  A quokka (D:3)
  A bat (D:2)
  3 kobolds
  A rat (D:2)
13 creatures vanquished.

Grand Total: 47 creatures vanquished

Notes
Turn   | Place    | Note
-------+----------+-------------------------------------------
     0 | D:1      | doot the Deep Elf Wizard began the quest for the Orb.
     0 | D:1      | Reached XP level 1. HP: 10/10 MP: 7/7
   171 | D:1      | Reached skill level 5 in Spellcasting
   246 | D:1      | Reached XP level 2. HP: 15/15 MP: 6/10
   250 | D:1      | Learned a level 2 spell: Blink
   253 | D:1      | Learned a level 2 spell: Call Imp
  1550 | D:2      | Reached XP level 3. HP: 12/19 MP: 9/12
  1870 | D:2      | Learned a level 3 spell: Mephitic Cloud
  1874 | D:2      | Found an iron altar of Okawaru.
  1905 | D:2      | Learned a level 3 spell: Conjure Flame
  2042 | D:2      | Reached skill level 6 in Spellcasting
  2245 | D:3      | Noticed a bullfrog
  2260 | D:3      | Slain by a bullfrog

Skill      XL: |  1  2  3 |
---------------+----------+-----
Spellcasting   | 5 6 |  6.0
Fighting       | |  0.1
Short Blades   | |  0.2
Dodging        | |  2.5
Stealth        | |  2.8
Conjurations   | |  1.7
Summonings     | |  1.3
Translocations | |  1.1

Action                   || total
-------------------------++-------
Melee: Dagger            ||    49
 Cast: Magic Dart        ||    65
       Call Imp          ||    17
       Blink             ||     1
 Stab: Sleeping          ||     3
       Distracted        ||     1
  Eat: Chunk             ||     4
Armor: Robe              ||    20
Dodge: Dodged            ||    48
